[Event "Titled Tuesday Blitz January 03 Early 2023"]
[White "Remizov, Yaroslav"]
[Black "Zainullina, Nataliya"]
[WhiteFideId "34134015"]
[BlackFideId "4145488"]
[WhiteElo "2421"]
[BlackElo "2099"]
[Result "0-1"]
[Round "04"]
[TimeControl "180+2"]
[Date "2023.01.03"]
[WhiteClock "0:00:02"]
[BlackClock "0:00:03"]

1. a3 g6 2. e3 Bg7 3. c4 Nf6 4. Nc3 O-O 5. Qc2 d5 6. cxd5 Nxd5 7. Nf3 Nxc3 8. bxc3 c5 9. Be2 b6 10. Qe4 Qc7 11. Qxa8 Nc6 12. O-O Bb7 13. Qxf8+ Bxf8 14. d4 Na5 15. Rb1 c4 16. Nd2 e6 17. e4 Bh6 18. e5 Bxd2 19. Bxd2 Nb3 20. Be3 Bd5 21. Rb2 a5 22. h4 a4 23. Kh2 Qe7 24. h5 Qxa3 25. Rbb1 Qe7 26. hxg6 fxg6 27. Rb2 b5 28. Kg3 b4 29. cxb4 Qxb4 30. Bg4 c3 31. Rc2 Nxd4 32. Bxd4 Qxd4 33. Rfc1 Qxe5+ 34. f4 Qe3+ 35. Bf3 g5 36. fxg5 Qxg5+ 37. Kf2 a3 38. Rxc3 a2 39. Bxd5 Qxd5 40. Rc8+ Kg7 41. R1c7+ Kh6 42. Rc1 Qd4+ 43. Kg3 a1=Q 44. Rxa1 Qxa1 45. Re8 Qe5+ 46. Kf2 Qf5+ 47. Ke3 Qc5+ 48. Kf4 Qf5+ 49. Ke3 Qe5+ 50. Kf2 Kg6 51. g3 Qc5+ 52. Kg2 Kf7 53. Rb8 Qc6+ 54. Kh2 Qc7 55. Rh8 Qc2+ 56. Kh3 Qg6 57. Rc8 Qf5+ 58. Kg2 e5 59. Rc7+ Kg6 60. Rc3 Qe4+ 61. Kf2 Qd4+ 62. Re3 Qxe3+ 63. Kxe3 Kf5 64. Kf3 e4+ 65. Ke3 Ke5 66. g4 Kd5 67. Kf4 Kd4 68. g5 e3 69. Kf3 Kd3 70. Kg4 e2 71. g6 hxg6 72. Kf4 e1=Q 0-1


[Site "https://www.chess.com"]

[Event "Titled Tuesday Blitz January 03 Early 2023"]
[White "Najdin, Danil"]
[Black "Demchenko, Anton"]
[WhiteFideId "4172426"]
[BlackFideId "4160258"]
[WhiteElo "2235"]
[BlackElo "2623"]
[Result "1-0"]
[Round "04"]
[TimeControl "180+2"]
[Date "2023.01.03"]
[WhiteClock "0:00:08"]
[BlackClock "0:00:03"]

1. e4 e5 2. Nf3 Nc6 3. Nc3 Nf6 4. Bb5 Bd6 5. O-O O-O 6. d3 Re8 7. a3 h6 8. h3 Bf8 9. Bc4 d6 10. Ne1 Be6 11. Bxe6 fxe6 12. f4 exf4 13. Bxf4 d5 14. e5 Nd7 15. Qh5 Qe7 16. Nf3 Qf7 17. Qg4 Ne7 18. Nh4 Nf5 19. Bh2 h5 20. Qf4 g6 21. g4 Bh6 22. Qf3 Kh7 23. gxf5 gxf5 24. Kh1 Rg8 25. Rg1 Bg5 26. Ng2 Rg7 27. Ne2 Rag8 28. d4 c5 29. c3 cxd4 30. cxd4 Nb6 31. b3 Nc8 32. Nef4 Kh6 33. Rac1 a6 34. Bg3 Na7 35. Bh4 Nc6 36. Bxg5+ Rxg5 37. Ne2 Kh7 38. Ngf4 Qe7 39. Nxh5 Rxg1+ 40. Rxg1 Rxg1+ 41. Kxg1 Qg5+ 42. Kh2 Kg6 43. Nhf4+ Kh6 44. Qg3 1-0


[Site "https://www.chess.com"]

[Event "Titled Tuesday Blitz January 03 Early 2023"]
[White "Samunenkov, Ihor"]
[Black "Avazkhonov, Alikhon"]
[WhiteFideId "14187086"]
[BlackFideId "14208504"]
[WhiteElo "2501"]
[BlackElo "1538"]
[Result "0-1"]
[Round "04"]
[TimeControl "180+2"]
[Date "2023.01.03"]
[WhiteClock "0:00:04"]
[BlackClock "0:00:03"]

1. e4 c5 2. Nf3 d6 3. d4 cxd4 4. Nxd4 Nf6 5. Nc3 a6 6. h3 e5 7. Nde2 h5 8. g3 Be7 9. Bg2 b5 10. Nd5 Nxd5 11. Qxd5 Ra7 12. Be3 Rb7 13. g4 Nd7 14. gxh5 Nf6 15. Qd2 Nxh5 16. O-O-O Be6 17. Kb1 b4 18. f4 Qa5 19. b3 Nxf4 20. Nxf4 exf4 21. Bxf4 Rb6 22. Be3 Rb5 23. Bd4 Rh6 24. Bxg7 Rg6 25. Bb2 Bg5 26. Qxd6 Qb6 27. e5 Qxd6 28. exd6 Kd7 29. h4 Be3 30. Be4 f5 31. Bf3 Rg3 32. Be2 Ra5 33. h5 f4 34. h6 f3 35. h7 fxe2 36. h8=Q exd1=Q+ 37. Rxd1 Rd5 38. Qh7+ Kxd6 39. Qh1 Rxd1+ 40. Qxd1+ Bd5 41. Bc1 Rg1 42. Qh5 Rxc1+ 43. Kb2 Re1 44. Qg6+ Kc5 45. c3 Bc1+ 46. Kc2 Be4+ 47. Qxe4 Rxe4 48. Kxc1 bxc3 49. Kc2 Kd4 0-1


[Site "https://www.chess.com"]

[Event "Titled Tuesday Blitz January 03 Early 2023"]
[White "Valle Maytin, Luis Enrique"]
[Black "Santos Ruiz, Miguel"]
[WhiteFideId "3503666"]
[BlackFideId "22291482"]
[WhiteElo "2241"]
[BlackElo "2590"]
[Result "1-0"]
[Round "04"]
[TimeControl "180+2"]
[Date "2023.01.03"]
[WhiteClock "0:00:18"]
[BlackClock "0:00:10"]

1. e4 e6 2. d4 d5 3. exd5 exd5 4. Nf3 c6 5. Bd3 Bd6 6. O-O Ne7 7. Bg5 f6 8. Bh4 Nf5 9. Bg3 Nxg3 10. hxg3 O-O 11. c3 Nd7 12. Nbd2 f5 13. Qc2 g6 14. c4 Nf6 15. Ne5 Kg7 16. Rfe1 Ne4 17. Ndf3 Be6 18. Qb3 Qb6 19. c5 Qxb3 20. axb3 Bc7 21. b4 a6 22. Rad1 Rae8 23. Bb1 Bc8 24. Nd3 g5 25. Nfe5 h5 26. Kh2 h4 27. gxh4 Rh8 28. f3 Rxh4+ 29. Kg1 Ng3 30. Kf2 Rxd4 31. Nxc6 Rxe1 32. Rxe1 Ne4+ 33. fxe4 bxc6 34. exd5 Kf6 35. d6 Bd8 36. Re8 1-0


[Site "https://www.chess.com"]

[Event "Titled Tuesday Blitz January 03 Early 2023"]
[White "Rengifo Blancas, Renzo Jhonathan"]
[Black "Khubukshanov, Erdem"]
[WhiteFideId "3807185"]
[BlackFideId "54114527"]
[WhiteElo "2131"]
[BlackElo "2382"]
[Result "0-1"]
[Round "04"]
[TimeControl "180+2"]
[Date "2023.01.03"]
[WhiteClock "0:00:11"]
[BlackClock "0:00:09"]

1. e4 c5 2. c3 Nf6 3. e5 Nd5 4. d4 cxd4 5. Nf3 Nc6 6. cxd4 d6 7. Bc4 dxe5 8. Nxe5 e6 9. O-O Be7 10. Qh5 O-O 11. Rd1 Nf6 12. Nxc6 Nxh5 13. Nxd8 Rxd8 14. Nc3 Nf6 15. d5 exd5 16. Nxd5 Nxd5 17. Rxd5 Be6 18. Rxd8+ Rxd8 19. Be2 Bf6 20. Be3 b6 21. Bc1 Rc8 22. Kf1 Rc2 23. Bd1 Bxb2 24. Bxc2 Bxa1 25. a4 Bc4+ 26. Ke1 Bc3+ 27. Kd1 h5 28. Bf4 Bd4 29. Ke1 a6 30. Bc7 Kf8 31. f3 Ke7 32. Kd2 h4 33. Bf4 Ke6 34. Bg5 Bf6 35. Be3 b5 36. axb5 axb5 37. Bc5 Be5 38. Bg1 b4 39. Bd3 Bxd3 40. Kxd3 Kd5 41. h3 b3 42. Bf2 g5 43. Be3 f6 44. Bf2 b2 45. Kc2 Kc4 46. Be1 b1=Q+ 47. Kxb1 Kd3 48. Bb4 Ke2 49. Kc2 Kf2 50. Kd3 Kxg2 51. Ke4 Kxh3 52. f4 Bxf4 53. Kf5 Be5 54. Be1 Kg2 55. Kg4 h3 56. Bd2 h2 0-1


[Site "https://www.chess.com"]

[Event "Titled Tuesday Blitz January 03 Early 2023"]
[White "Martin Duque, Jesus"]
[Black "Korchmar, Vasiliy"]
[WhiteFideId "2208954"]
[BlackFideId "24131750"]
[WhiteElo "2386"]
[BlackElo "2438"]
[Result "1-0"]
[Round "04"]
[TimeControl "180+2"]
[Date "2023.01.03"]
[WhiteClock "0:00:12"]
[BlackClock "0:00:01"]

1. b3 Nf6 2. Bb2 g6 3. g3 Bg7 4. Bg2 O-O 5. Nf3 b5 6. Nd4 d5 7. Nxb5 c5 8. c4 Bb7 9. O-O e6 10. cxd5 Bxd5 11. Bxd5 exd5 12. d4 c4 13. bxc4 dxc4 14. N1c3 Nbd7 15. Ba3 Re8 16. Nd6 Re6 17. Nxc4 Rc6 18. Qb3 Rac8 19. Nd6 Rxc3 20. Qxf7+ Kh8 21. Nxc8 Rxa3 22. Nd6 Bf8 23. Nc4 Ra4 24. Ne5 Qe7 25. Qb3 Ra3 26. Qb2 Nxe5 27. dxe5 Ng4 28. e6+ Kg8 29. h3 Nf6 30. Rac1 Qxe6 31. Rfd1 Rxa2 32. Qb7 Rxe2 33. Rc7 Qf5 34. Qb3+ Kh8 35. Rf1 Re8 36. Qf7 Qe6 37. Rxa7 Qxf7 38. Rxf7 Bg7 39. Rb7 Kg8 40. Kg2 Nd5 41. Rbb1 Nc3 42. Rbe1 Rf8 43. Re3 h5 44. Rc1 Nd5 45. Rf3 Nf6 46. Rc6 Rf7 47. Ra6 Kh7 48. h4 Kh6 49. Rf4 Kh7 50. Rf3 Rf8 51. Ra7 Kh8 52. Rf4 Rg8 53. Ra6 Rf8 54. f3 Kg8 55. g4 1-0


[Site "https://www.chess.com"]

[Event "Titled Tuesday Blitz January 03 Early 2023"]
[White "Abdilkhair, Abilmansur"]
[Black "Lorenzo De La Riva, Lazaro"]
[WhiteFideId "13716417"]
[BlackFideId "2268809"]
[WhiteElo "2268"]
[BlackElo "2404"]
[Result "1-0"]
[Round "04"]
[TimeControl "180+2"]
[Date "2023.01.03"]
[WhiteClock "0:01:05"]
[BlackClock "0:01:27"]

1. d4 Nf6 2. c4 d6 3. Nf3 c6 4. g3 h5 5. Bg5 Bg4 6. Nbd2 Nbd7 7. h3 Bf5 8. Bg2 e5 9. e4 Bg6 10. Nh4 Bh7 11. O-O exd4 12. Ndf3 c5 13. b4 Be7 14. bxc5 dxc5 15. Re1 Bxe4 16. Nxd4 cxd4 17. Bxe4 Nxe4 18. Rxe4 Nf6 19. Bxf6 gxf6 20. Nf5 1-0


[Site "https://www.chess.com"]

[Event "Titled Tuesday Blitz January 03 Early 2023"]
[White "Orozbaev, Eldiar"]
[Black "Arpita, Mukherjee"]
[WhiteFideId "13802240"]
[BlackFideId "5056403"]
[WhiteElo "2235"]
[BlackElo "2203"]
[Result "1-0"]
[Round "04"]
[TimeControl "180+2"]
[Date "2023.01.03"]
[WhiteClock "0:01:37"]
[BlackClock "0:01:45"]

1. e4 c5 2. Nf3 d6 3. d4 cxd4 4. Nxd4 Nf6 5. Nc3 Nc6 6. Bg5 Bd7 7. f4 Qb6 8. Nxc6 Bxc6 9. Bxf6 g6 10. Bxh8 Bh6 11. Bd4 Qxb2 12. Nd5 Qa3 13. Nc7+ Kd7 14. Nxa8 Bxf4 15. Qd3 Qb4+ 16. Qc3 Qa4 17. Rb1 e5 18. Rxb7+ Bxb7 19. Qc7+ Ke6 20. Bc4+ Kf6 21. Qxf7+ Kg5 22. h4+ Kg4 23. Be2+ Kg3 24. Rh3+ Kxg2 25. Bf1# 1-0


[Site "https://www.chess.com"]

[Event "Titled Tuesday Blitz January 03 Early 2023"]
[White "HSH1987"]
[Black "Andreev, Konstantin"]
[BlackFideId "24239305"]
[WhiteElo "2675"]
[BlackElo "2195"]
[Result "1-0"]
[Round "04"]
[TimeControl "180+2"]
[Date "2023.01.03"]
[WhiteClock "0:00:32"]
[BlackClock "0:00:02"]

1. Nf3 Nf6 2. g3 d5 3. Bg2 g6 4. O-O Bg7 5. d4 O-O 6. c4 c6 7. cxd5 cxd5 8. Nc3 Nc6 9. Ne5 Be6 10. Nxc6 bxc6 11. b3 Rc8 12. Ba3 Nd7 13. Rc1 Re8 14. Na4 Qa5 15. e3 Bf5 16. Qe1 Qa6 17. Qd2 Nb6 18. Rfd1 Nxa4 19. Bf1 Qb7 20. bxa4 e5 21. dxe5 Bxe5 22. Bc5 Qd7 23. a5 h5 24. h4 f6 25. a6 g5 26. hxg5 fxg5 27. Bd4 h4 28. e4 Bxd4 29. Qxg5+ Qg7 30. Qxg7+ Bxg7 31. exf5 hxg3 32. fxg3 Re3 33. Kf2 d4 34. Bc4+ Kf8 35. Rb1 Rce8 36. Rb7 Rc3 37. Be6 Re7 38. g4 Bf6 39. Ke2 c5 40. g5 Bxg5 41. Rg1 Re3+ 42. Kf1 R7xe6 43. fxe6 Bf6 44. Rf7+ Ke8 45. Rg8# 1-0


[Site "https://www.chess.com"]

[Event "Titled Tuesday Blitz January 03 Early 2023"]
[White "Mazurkiewicz, Michal"]
[Black "Velikanov, Alexander"]
[WhiteFideId "1124943"]
[BlackFideId "2039290"]
[WhiteElo "2145"]
[BlackElo "2339"]
[Result "1-0"]
[Round "04"]
[TimeControl "180+2"]
[Date "2023.01.03"]
[WhiteClock "0:00:08"]
[BlackClock "0:00:06"]

1. e4 e5 2. Nf3 Nf6 3. d3 d6 4. g3 g6 5. Bg2 Bg7 6. O-O O-O 7. c3 c6 8. b4 Nbd7 9. Nbd2 Ne8 10. Bb2 Qe7 11. d4 f5 12. Re1 f4 13. c4 exd4 14. Bxd4 Nc7 15. Qb3 Bxd4 16. Nxd4 Kg7 17. Qc3 Ne5 18. c5 dxc5 19. N4f3 Rd8 20. Nc4 fxg3 21. hxg3 cxb4 22. Qxe5+ Qxe5 23. Nfxe5 Nb5 24. Rad1 Be6 25. Na5 Bxa2 26. Nxb7 Rxd1 27. Rxd1 b3 28. Rd7+ Kh8 29. Nc4 a5 30. e5 Rc8 31. e6 Kg8 32. e7 Kf7 33. Nbd6+ Nxd6 34. Nxd6+ Ke6 35. Bh3+ Kd5 36. Nxc8+ Kc4 37. e8=Q b2 38. Qe6+ Kc3 39. Qxa2 b1=Q+ 40. Qxb1 a4 41. Rd3+ Kc4 42. Nb6+ Kc5 43. Nxa4+ 1-0


[Site "https://www.chess.com"]

[Event "Titled Tuesday Blitz January 03 Early 2023"]
[White "Demin, Vladimir"]
[Black "Novikova, Galina"]
[WhiteFideId "4167457"]
[BlackFideId "4157095"]
[WhiteElo "2430"]
[BlackElo "2073"]
[Result "1-0"]
[Round "04"]
[TimeControl "180+2"]
[Date "2023.01.03"]
[WhiteClock "0:00:16"]
[BlackClock "0:00:09"]

1. d4 e6 2. e4 d5 3. Bd3 dxe4 4. Bxe4 Nf6 5. Bf3 Be7 6. Ne2 c5 7. Be3 Nc6 8. Nbc3 cxd4 9. Nxd4 Ne5 10. Qe2 O-O 11. O-O-O Nxf3 12. Qxf3 Qa5 13. g4 e5 14. Nf5 Bxf5 15. Qxf5 Rac8 16. g5 Ba3 17. Nb1 Bxb2+ 18. Kxb2 Qb4+ 19. Kc1 Ne4 20. Qxe5 Qc4 21. Qb2 Rc6 22. Rd4 Qe6 23. Rhd1 Nd6 24. Qb3 Qg6 25. R1d3 Rb6 26. Qa3 Nf5 27. Rd8 Nxe3 28. Qxf8# 1-0


[Site "https://www.chess.com"]

[Event "Titled Tuesday Blitz January 03 Early 2023"]
[White "Blanco Ronquillo, Humberto L."]
[Black "Degenbaev, Aziz"]
[WhiteFideId "3504239"]
[BlackFideId "13802640"]
[WhiteElo "2442"]
[BlackElo "2203"]
[Result "0-1"]
[Round "04"]
[TimeControl "180+2"]
[Date "2023.01.03"]
[WhiteClock "0:00:18"]
[BlackClock "0:00:08"]

1. e4 c5 2. Nf3 d6 3. Bb5+ Nd7 4. Ba4 Nf6 5. O-O g6 6. Re1 Bg7 7. c3 c4 8. b3 cxb3 9. axb3 O-O 10. b4 Rb8 11. Bb3 a6 12. d4 Nb6 13. h3 e6 14. Bf4 Ra8 15. Nbd2 d5 16. e5 Ne8 17. Nf1 Bd7 18. Ne3 Rc8 19. Rc1 Nc4 20. Ng4 h5 21. Nh6+ Kh8 22. g4 f6 23. Bxc4 dxc4 24. g5 fxe5 25. Bxe5 Bc6 26. Bxg7+ Nxg7 27. Re5 Bxf3 28. Qe1 Nf5 29. d5 Nxh6 30. gxh6 Bxd5 31. Qe3 Qf6 32. Rd1 Rcd8 33. Rd4 Qf3 34. Qxf3 Bxf3 35. Rxc4 Kh7 36. Rxe6 Kxh6 37. Rc7 Rd1+ 38. Kh2 h4 0-1


[Site "https://www.chess.com"]

[Event "Titled Tuesday Blitz January 03 Early 2023"]
[White "Miszler, Levente"]
[Black "Odegov, Artem"]
[WhiteFideId "763276"]
[BlackFideId "34183644"]
[WhiteElo "2271"]
[BlackElo "2261"]
[Result "0-1"]
[Round "04"]
[TimeControl "180+2"]
[Date "2023.01.03"]
[WhiteClock "0:00:34"]
[BlackClock "0:01:20"]

1. Nf3 d5 2. c4 e6 3. g3 c5 4. cxd5 exd5 5. Bg2 Nc6 6. O-O Nf6 7. b3 d4 8. a4 Bf5 9. Na3 Be7 10. Nc4 O-O 11. d3 Nd5 12. Bd2 Bf6 13. Qc2 Nc3 14. Bxc3 dxc3 15. e4 Nb4 16. Qc1 Nxd3 17. Qe3 Re8 18. e5 g6 19. Rfd1 c2 20. Rf1 Qc7 21. Nd6 Qxd6 22. exd6 Rxe3 23. fxe3 Bxa1 24. Rxa1 c1=Q+ 25. Rxc1 Nxc1 0-1


[Site "https://www.chess.com"]

[Event "Titled Tuesday Blitz January 03 Early 2023"]
[White "Maltsevskaya, Aleksandra"]
[Black "Zilleruelo Irizarry, Diego"]
[WhiteFideId "24174041"]
[BlackFideId "3101460"]
[WhiteElo "2390"]
[BlackElo "2135"]
[Result "1-0"]
[Round "04"]
[TimeControl "180+2"]
[Date "2023.01.03"]
[WhiteClock "0:00:18"]
[BlackClock "0:00:07"]

1. Nf3 d5 2. c4 e6 3. cxd5 exd5 4. e3 Nf6 5. Nc3 Be7 6. b3 O-O 7. Bb2 c5 8. Be2 Nc6 9. d4 cxd4 10. Nxd4 Nxd4 11. Qxd4 Bf5 12. O-O Rc8 13. Rfd1 Bc5 14. Qf4 Be6 15. Bf3 Bd6 16. Qh4 Be7 17. Qd4 Qa5 18. Nxd5 Bxd5 19. Bxd5 Rfd8 20. Qe5 Qc7 21. Qxc7 Rxc7 22. Bc4 Rcd7 23. Be2 a6 24. g4 Rd2 25. Bxf6 Bxf6 26. Rxd2 Rxd2 27. Rc1 g6 28. Rc8+ Kg7 29. Bc4 Bh4 30. Rc7 Bxf2+ 31. Kh1 Bxe3 32. Rxf7+ Kh6 33. h4 g5 34. h5 Rf2 35. Rxb7 a5 36. Bg8 Rf1+ 37. Kg2 Rf2+ 38. Kg3 1-0


[Site "https://www.chess.com"]

[Event "Titled Tuesday Blitz January 03 Early 2023"]
[White "Buscar, Michael"]
[Black "Pinheiro, Iung Alicio de O."]
[WhiteFideId "2603616"]
[BlackFideId "2104350"]
[WhiteElo "2041"]
[BlackElo "2306"]
[Result "1-0"]
[Round "04"]
[TimeControl "180+2"]
[Date "2023.01.03"]
[WhiteClock "0:00:17"]
[BlackClock "0:00:14"]

1. d4 Nf6 2. c4 Nc6 3. Nc3 e5 4. d5 Ne7 5. e4 Ng6 6. Bd3 Bc5 7. Nge2 d6 8. O-O a6 9. b4 Ba7 10. Qe1 O-O 11. Nd1 Nh5 12. Be3 Ngf4 13. Bc2 Qf6 14. Bxa7 Rxa7 15. Ng3 Qg5 16. Ne3 Nf6 17. c5 g6 18. cxd6 cxd6 19. Rc1 h5 20. Bb1 h4 21. Ne2 Nxg2 22. Nxg2 h3 23. Ng3 hxg2 24. Kxg2 Nh5 25. Qe3 Nf4+ 26. Kh1 Kg7 27. Rg1 Rh8 28. Nf5+ Bxf5 29. Rxg5 Bh3 30. Qxa7 Kf6 31. Rg3 Ne2 32. Rc7 Nxg3+ 33. fxg3 Bg4 34. Qxb7 Bf3+ 35. Kg1 Rf8 36. Rd7 Kg7 37. Rxd6 Bg4 38. Rc6 Kh6 39. Rc7 Kg7 40. Bd3 a5 41. bxa5 Kf6 42. a6 Bh3 43. a7 Kg5 44. a8=Q Rxa8 45. Qxa8 f5 46. exf5 gxf5 47. Qg8+ Kf6 48. Rc6+ Ke7 49. Re6+ Kd7 50. Qe8+ Kc7 51. Rc6+ Kb7 52. Qc8+ Ka7 53. Ra6# 1-0


[Site "https://www.chess.com"]

[Event "Titled Tuesday Blitz January 03 Early 2023"]
[White "Topalov, Aleksandar"]
[Black "Goroshkov, Maksym"]
[WhiteFideId "925659"]
[BlackFideId "14142716"]
[WhiteElo "2233"]
[BlackElo "2287"]
[Result "0-1"]
[Round "04"]
[TimeControl "180+2"]
[Date "2023.01.03"]
[WhiteClock "0:00:08"]
[BlackClock "0:00:53"]

1. b3 Nf6 2. Bb2 g6 3. Bxf6 exf6 4. c4 Bg7 5. Nc3 f5 6. e3 O-O 7. Nge2 c5 8. g3 Nc6 9. Bg2 b6 10. O-O Bb7 11. Rb1 Rb8 12. a3 Ne5 13. Bxb7 Rxb7 14. Nf4 d6 15. Ncd5 Re8 16. Kg2 b5 17. Qc2 a6 18. Ne2 Qa8 19. d4 Nc6 20. dxc5 dxc5 21. Rfd1 Reb8 22. Nec3 b4 23. axb4 cxb4 24. Na4 Ne7 25. Kg1 Nxd5 26. Rxd5 Rc7 27. Rbd1 h5 28. h4 Qc6 29. Qd3 Kh7 30. Rc5 Qb7 31. Rxc7 Qxc7 32. Qd7 Rb7 33. Qxc7 Rxc7 34. Rd6 a5 35. Rd5 Kg8 36. Rxa5 Rd7 37. Rd5 Rxd5 38. cxd5 Kf8 39. Nc5 Ke7 40. Nb7 Kd7 41. Kf1 Kc7 42. Na5 Kd6 43. Nc6 Bc3 44. Nd8 f6 45. Ne6 Be5 46. Ke2 Kxd5 47. Nf8 g5 48. Kd3 Bd6 49. Nh7 gxh4 50. gxh4 Be7 51. f4 Ke6 52. e4 fxe4+ 53. Kxe4 f5+ 54. Kd4 Bxh4 55. Kc4 Be7 0-1


[Site "https://www.chess.com"]

[Event "Titled Tuesday Blitz January 03 Early 2023"]
[White "Dinu, Dumitru-Daniel"]
[Black "Martinez Ramirez, Lennis"]
[WhiteFideId "1208403"]
[BlackFideId "3509079"]
[WhiteElo "2203"]
[BlackElo "2426"]
[Result "0-1"]
[Round "04"]
[TimeControl "180+2"]
[Date "2023.01.03"]
[WhiteClock "0:00:04"]
[BlackClock "0:01:25"]

1. e4 c5 2. Nf3 d6 3. d4 cxd4 4. Nxd4 Nf6 5. Nc3 a6 6. f3 e5 7. Nb3 Be6 8. Be3 h5 9. Qd2 Nbd7 10. O-O-O b5 11. Nd5 Nxd5 12. exd5 Bf5 13. Bd3 Bxd3 14. Qxd3 Rc8 15. g4 h4 16. Rhe1 Be7 17. f4 O-O 18. Qe4 Rc4 19. Qf3 Qc7 20. Re2 Rc8 21. Rdd2 a5 22. fxe5 Nxe5 23. Qf5 a4 24. Nd4 g6 25. Qf1 a3 26. b3 Rb4 27. Kb1 Nxg4 28. Nc6 Ne5 29. Nxb4 Qc3 30. Bd4 Qxb4 31. c3 Rxc3 32. Bxc3 Qxc3 33. Qc1 Qb4 34. Qc2 Bf6 35. Re4 Qa5 36. Rf2 Bg5 37. Qc8+ Kg7 38. Qc2 Qb6 39. Rfe2 Qg1+ 40. Re1 Qb6 41. Qc3 b4 42. Qd4 Qb5 43. R4e2 Bf6 44. Qe4 Nd3 45. Rd2 Nxe1 46. Qxe1 Qc5 47. Rc2 Qd4 48. Kc1 Qa1+ 49. Kd2 Bc3+ 50. Rxc3 bxc3+ 51. Ke2 Qxa2+ 52. Kd3 Qd2+ 0-1


[Site "https://www.chess.com"]

[Event "Titled Tuesday Blitz January 03 Early 2023"]
[White "Tologon tegin, Semetei"]
[Black "Pandey Srishti"]
[WhiteFideId "13800574"]
[BlackFideId "35093290"]
[WhiteElo "2372"]
[BlackElo "2188"]
[Result "1-0"]
[Round "04"]
[TimeControl "180+2"]
[Date "2023.01.03"]
[WhiteClock "0:00:04"]
[BlackClock "0:00:11"]

1. e4 e5 2. Nc3 Nf6 3. g3 d5 4. exd5 c6 5. dxc6 Nxc6 6. Bg2 Bc5 7. Nge2 Bg4 8. h3 Be6 9. O-O O-O 10. d3 h6 11. Kh2 a6 12. Be3 Be7 13. f4 Nd5 14. Bd2 exf4 15. Nxf4 Nxf4 16. Bxf4 Rc8 17. Qd2 b5 18. Rae1 Qd7 19. Ne4 Rfd8 20. Bxh6 gxh6 21. Qxh6 Qd4 22. Nf6+ Bxf6 23. Rxf6 Rd6 24. Be4 Bf5 25. Qg5+ Bg6 26. Ref1 Rxf6 27. Rxf6 Ne7 28. c3 Qc5 29. Qf4 Kg7 30. h4 Rf8 31. Rxa6 b4 32. Qf6+ Kg8 33. d4 Qc4 34. Bg2 Qe2 35. Qg5 bxc3 36. bxc3 Kh7 37. Ra5 Be4 38. Qh5+ Qxh5 39. Rxh5+ Kg6 40. Rg5+ Kf6 41. Bxe4 Rc8 42. Rc5 Rb8 43. a4 Rb2+ 44. Kh3 Ra2 45. a5 Ng6 46. h5 Nf8 47. h6 Ne6 48. Rb5 Ng5+ 49. Rxg5 Kxg5 50. h7 Rxa5 51. h8=Q f5 52. Qh4+ 1-0


[Site "https://www.chess.com"]

[Event "Titled Tuesday Blitz January 03 Early 2023"]
[White "Melian, Juan Sebastian"]
[Black "Gatterer, Florian"]
[WhiteFideId "3706575"]
[BlackFideId "811688"]
[WhiteElo "2293"]
[BlackElo "2170"]
[Result "0-1"]
[Round "04"]
[TimeControl "180+2"]
[Date "2023.01.03"]
[WhiteClock "0:00:55"]
[BlackClock "0:01:05"]

1. d4 Nf6 2. c4 g6 3. Nc3 d5 4. e3 Bg7 5. Qb3 dxc4 6. Bxc4 O-O 7. Nf3 c5 8. O-O Nc6 9. dxc5 Na5 10. Qb4 Nxc4 11. Qxc4 Be6 12. Qb4 Nd5 13. Nxd5 Qxd5 14. e4 Qh5 15. Be3 Bg4 16. Nd2 Rad8 17. f3 Be6 18. Rfd1 a5 19. Qa3 Be5 20. Nf1 Bc4 21. f4 Rxd1 0-1


[Site "https://www.chess.com"]

[Event "Titled Tuesday Blitz January 03 Early 2023"]
[White "Fiorito, Francisco"]
[Black "Real_taiatai"]
[WhiteFideId "180165"]
[WhiteElo "2305"]
[BlackElo "2390"]
[Result "1-0"]
[Round "04"]
[TimeControl "180+2"]
[Date "2023.01.03"]
[WhiteClock "0:00:50"]
[BlackClock "0:01:31"]

1. Nf3 g6 2. g3 Bg7 3. Bg2 e5 4. O-O e4 5. Ne1 d5 6. d3 exd3 7. Nxd3 Ne7 8. c3 c6 9. Nd2 O-O 10. Nf3 Nd7 11. Bg5 h6 12. Bf4 Nf6 13. h4 Bf5 14. Qc1 Kh7 15. Re1 Ne4 16. Be5 Ng8 17. Bxg7 Kxg7 18. Nd4 Qd7 19. Qf4 Ngf6 20. Ne5 Qe6 21. Nxe6+ fxe6 22. g4 g5 23. hxg5 hxg5 24. Qf3 Bh7 25. Qe3 Nxf2 26. Qxf2 Nxg4 27. Qd4 Rf4 28. Nxg4+ Rxd4 29. cxd4 Bf5 30. Ne3 Bg6 31. Rf1 Rh8 32. Rf2 Rh4 33. Rd1 Bh5 34. Nf1 Bg6 35. e4 dxe4 36. Re1 Bf5 37. Ng3 Rf4 38. Nh5+ 1-0


[Site "https://www.chess.com"]

[Event "Titled Tuesday Blitz January 03 Early 2023"]
[White "Batsiashvili, Nino"]
[Black "Cappelletto, Joshuaede"]
[WhiteFideId "13602993"]
[BlackFideId "2824383"]
[WhiteElo "2467"]
[BlackElo "2266"]
[Result "1-0"]
[Round "04"]
[TimeControl "180+2"]
[Date "2023.01.03"]
[WhiteClock "0:00:48"]
[BlackClock "0:00:18"]

1. d4 e6 2. c4 b6 3. Nf3 Bb7 4. a3 f5 5. Nc3 Nf6 6. Bf4 Be7 7. e3 O-O 8. Bd3 d6 9. O-O Nh5 10. h3 Nxf4 11. exf4 Bf6 12. Re1 Qd7 13. Ng5 Bxg5 14. fxg5 Nc6 15. d5 exd5 16. cxd5 Ne5 17. Bb5 Qf7 18. f4 Ng6 19. Qf3 a6 20. Bc4 Rae8 21. Re6 Re7 22. Rae1 Rfe8 23. Qe3 Bc8 24. a4 Bxe6 25. dxe6 Qf8 26. Nd5 a5 27. g3 Kh8 28. Nxe7 Nxe7 29. h4 Rd8 30. h5 Qe8 31. Be2 Qxa4 32. h6 Qb4 33. Rc1 Qxb2 34. hxg7+ Qxg7 35. Rxc7 Nd5 36. Rxg7 Nxe3 37. Rd7 Re8 38. e7 Nd5 39. Rd8 Nc7 40. Bh5 1-0


[Site "https://www.chess.com"]

[Event "Titled Tuesday Blitz January 03 Early 2023"]
[White "Dwilewicz, Katarzyna"]
[Black "Parpiev, Isaak"]
[WhiteFideId "1148486"]
[BlackFideId "34281576"]
[WhiteElo "2115"]
[BlackElo "2167"]
[Result "0-1"]
[Round "04"]
[TimeControl "180+2"]
[Date "2023.01.03"]
[WhiteClock "0:00:07"]
[BlackClock "0:00:10"]

1. e4 e6 2. d4 d5 3. exd5 exd5 4. Bd3 Bd6 5. Ne2 Ne7 6. O-O O-O 7. Bf4 Bf5 8. c3 Nbc6 9. Bxd6 Qxd6 10. Ng3 Bg6 11. Qf3 Bxd3 12. Qxd3 Ng6 13. Nd2 Rae8 14. Rae1 a6 15. Nf5 Qf6 16. g3 Nce7 17. Ne3 c6 18. h4 Nc8 19. Ng4 Qd6 20. Nf3 h5 21. Nge5 Nxe5 22. Nxe5 g6 23. Kg2 Ne7 24. f4 Nf5 25. Nf3 f6 26. Re2 Rxe2+ 27. Qxe2 Qe7 28. Re1 Qxe2+ 29. Rxe2 Kf7 30. Ne1 Re8 31. Rxe8 Kxe8 32. Kf3 Kd7 33. Nd3 b6 34. a4 a5 35. b4 axb4 36. Nxb4 Kd6 37. Nd3 Nh6 38. Nf2 Nf5 39. Nd3 Kc7 40. Ne1 Nd6 41. Nd3 Ne4 42. g4 hxg4+ 43. Kxg4 f5+ 44. Kf3 Nxc3 45. Ne5 b5 46. axb5 cxb5 47. Nxg6 b4 48. Ne5 b3 49. Nd3 Kd6 50. Nb2 Ke6 51. h5 Kf6 52. Kg3 Ne2+ 53. Kh4 Nxd4 54. Nd3 Nf3+ 55. Kg3 Nd2 56. Kf2 Ne4+ 57. Ke3 Nc5 58. Nb2 Ne6 59. Kf3 Kg7 60. Nd1 Kh6 61. Nc3 b2 62. Ke2 d4 63. Nb1 Nxf4+ 64. Kd2 Kxh5 65. Kc2 Kg4 66. Kxb2 Ne6 67. Kc2 f4 68. Kd2 f3 69. Ke1 Kg3 70. Nd2 Nf4 71. Nf1+ Kg2 72. Nd2 f2+ 73. Kd1 f1=Q+ 0-1


[Site "https://www.chess.com"]

[Event "Titled Tuesday Blitz January 03 Early 2023"]
[White "gshwbedhkhd"]
[Black "Ovezdurdyyeva, Jemal"]
[BlackFideId "14001888"]
[WhiteElo "2529"]
[BlackElo "2078"]
[Result "0-1"]
[Round "04"]
[TimeControl "180+2"]
[Date "2023.01.03"]
[WhiteClock "0:00:34"]
[BlackClock "0:00:53"]

1. e4 d6 2. d4 Nf6 3. Nc3 g6 4. Nf3 c6 5. Bd3 b5 6. a4 b4 7. Ne2 Bg7 8. c3 bxc3 9. bxc3 O-O 10. O-O Nbd7 11. Ba3 c5 12. e5 dxe5 13. dxe5 Ng4 14. e6 fxe6 15. Bc4 Nde5 16. Nxe5 Nxe5 17. Ba2 Qc7 18. Ng3 c4 19. Qe2 Bb7 20. f4 Nd3 21. Qxe6+ Kh8 22. Bxc4 Nxf4 23. Qxe7 Qc6 24. Rf2 Nh3+ 25. gxh3 Rxf2 26. Kxf2 Qf3+ 27. Ke1 Bxc3# 0-1


[Site "https://www.chess.com"]